General information
			
			
        
        - name: BNet
 
        - type: Ladder team game (AT/RT)
 
        - host: Battle.net
 
        - saver: thelaghotel
 
        
map: TranquilPaths 
        - players: 4
 
        - length: 25:26
 
        - speed: Fast
 - version: 1.22 W3XP
 - replay type:  Public
 
» download(103 KB)
Players
        team 1 (loser) 
              
              
» 
Spartanium (
purple | 50 APM | 1266 actions | 25:23)
              
 5 Demon Hunter 
 3 Mana Burn
 2 Evasion
 
                » actions 
                
                | Assign group hotkey | 83 |  | 
| Basic commands | 27 |  | 
| Build / train | 53 |  | 
| Enter build submenu | 14 |  | 
| Enter hero's abilities submenu | 5 |  | 
| Right click | 471 |  | 
| Select / deselect | 370 |  | 
| Select group hotkey | 166 |  | 
| Use ability | 77 |  | 
                1266 total
 » units 
                
                | Wisp | 8 |  | 
| Archer | 14 |  | 
| Huntress | 11 |  | 
| Glaive Thrower | 2 |  | 
| Druid of the Talon | 5 |  | 
                40 total
 » upgrades
                
                | Ultravision | 1 |  | 
| Strength of the Moon | 1 |  | 
| Moon Armor | 1 |  | 
| Druid of the Talon Training | 2 |  | 
                5 total
 » buildings
                
                | Altar of Elders | 1 |  | 
| Moon Well | 7 |  | 
| Ancient of War | 2 |  | 
| Hunter's Hall | 1 |  | 
| Tree of Ages | 1 |  | 
| Tree of Eternity | 1 |  | 
| Ancient of Wind | 2 |  | 
                15 total
 » build order
                00:09 Altar of Elders
00:20 Moon Well
00:38 Ancient of War
01:31 Moon Well
02:30 Ancient of War
03:10 Moon Well
04:17 Moon Well
04:55 Hunter's Hall
14:08 Moon Well
14:09 Moon Well
14:12 Moon Well
14:24 Tree of Ages
18:33 Tree of Eternity
18:42 Ancient of Wind
18:43 Ancient of Wind
 
               
              
              
» 
hammersticks (
yellow | 59 APM | 1334 actions | 22:46)
              
 5 Shadow Hunter 
 1 Hex
 3 Healing Wave
 1 Serpent Ward
 1 Blademaster 
 1 Critical Strike
 
                » actions 
                
                | Assign group hotkey | 5 |  | 
| Basic commands | 40 |  | 
| Build / train | 71 |  | 
| Enter build submenu | 19 |  | 
| Enter hero's abilities submenu | 7 |  | 
| Remove unit from queue | 2 |  | 
| Right click | 454 |  | 
| Select / deselect | 316 |  | 
| Select group hotkey | 365 |  | 
| Use ability | 55 |  | 
                1334 total
 » units 
                
                | Peon | 10 |  | 
| Grunt | 10 |  | 
| Demolisher | 5 |  | 
| Shaman | 6 |  | 
| Troll Witch Doctor | 7 |  | 
| Tauren | 5 |  | 
                43 total
 » upgrades
                
                | Armor | 3 |  | 
| Melee Weapons | 1 |  | 
| Shaman Training | 2 |  | 
| Witch Doctor Training | 3 |  | 
| Burning Oil | 1 |  | 
| Pulverize | 1 |  | 
                11 total
 » buildings
                
                | Altar of Storms | 1 |  | 
| Orc Burrow | 7 |  | 
| Barracks | 1 |  | 
| War Mill | 1 |  | 
| Voodoo Lounge | 1 |  | 
| Stronghold | 1 |  | 
| Fortress | 1 |  | 
| Spirit Lodge | 2 |  | 
| Great Hall | 1 |  | 
| Tauren Totem | 1 |  | 
| Watch Tower | 3 |  | 
                20 total
 » build order
                00:12 Altar of Storms
00:23 Orc Burrow
00:54 Barracks
01:23 Orc Burrow
02:01 War Mill
03:01 Orc Burrow
03:32 Voodoo Lounge
04:46 Stronghold
07:08 Fortress
07:12 Spirit Lodge
08:13 Spirit Lodge
09:47 Orc Burrow
10:21 Orc Burrow
11:37 Orc Burrow
14:44 Great Hall
14:49 Orc Burrow
15:01 Tauren Totem
16:22 Watch Tower
19:19 Watch Tower
19:51 Watch Tower
» items
                
                | Orb of Lightning | 1 |  | 
| Potion of Healing | 1 |  | 
                2 total
  
               team 2 (winner) 
              
              
dk_yo (
green | 63 APM | 716 actions | 11:23)
              
 2 Priestess of the Moon 
 1 Trueshot Aura
 1 Searing Arrows
 
                » actions 
                
                | Assign group hotkey | 1 |  | 
| Basic commands | 26 |  | 
| Build / train | 31 |  | 
| ESC pressed | 2 |  | 
| Enter build submenu | 12 |  | 
| Enter hero's abilities submenu | 2 |  | 
| Remove unit from queue | 2 |  | 
| Right click | 310 |  | 
| Select / deselect | 311 |  | 
| Select group hotkey | 3 |  | 
| Use ability | 16 |  | 
                716 total
 » units 
                » buildings
                
                | Altar of Elders | 1 |  | 
| Moon Well | 3 |  | 
| Ancient of War | 1 |  | 
| Hunter's Hall | 1 |  | 
| Tree of Ages | 1 |  | 
| Ancient of Wonders | 1 |  | 
| Ancient Protector | 4 |  | 
                12 total
 » build order
                00:11 Altar of Elders
00:13 Moon Well
01:10 Ancient of War
02:09 Hunter's Hall
02:20 Moon Well
02:59 Tree of Ages
04:08 Moon Well
05:10 Ancient of Wonders
07:02 Ancient Protector
07:08 Ancient Protector
09:40 Ancient Protector
09:44 Ancient Protector
 
               
              
              
» 
thelaghotel (
red | 70 APM | 1769 actions | 25:26)
              
 7 Blood Mage 
 3 Flame Strike
 3 Siphon Mana
 1 Summon Phoenix
 5 Mountain King 
 3 Storm Bolt
 2 Bash
 4 Priestess of the Moon 
 2 Trueshot Aura
 1 Searing Arrows
 1 Starfall
 
                » actions 
                
                | Assign group hotkey | 80 |  | 
| Basic commands | 75 |  | 
| Build / train | 130 |  | 
| ESC pressed | 1 |  | 
| Enter build submenu | 34 |  | 
| Enter hero's abilities submenu | 16 |  | 
| Remove unit from queue | 3 |  | 
| Right click | 757 |  | 
| Select / deselect | 508 |  | 
| Select group hotkey | 50 |  | 
| Use ability | 115 |  | 
                1769 total
 » units 
                
                | Peasant | 29 |  | 
| Footman | 2 |  | 
| Rifleman | 14 |  | 
| Priest | 12 |  | 
| Dryad | 11 |  | 
| Sorceress | 4 |  | 
| Spell Breaker | 7 |  | 
| Druid of the Claw | 3 |  | 
                82 total
 » upgrades
                
                | Long Rifles | 1 |  | 
| Strength of the Wild | 1 |  | 
| Reinforced Hides | 1 |  | 
| Abolish Magic | 1 |  | 
| Gunpowder | 1 |  | 
| Lumber Harvesting | 1 |  | 
| Druid of the Claw Training | 2 |  | 
| Well Spring | 1 |  | 
| Sorceress Training | 1 |  | 
| Priest Training | 1 |  | 
| Magic Sentry | 1 |  | 
| Mark of the Claw | 1 |  | 
                13 total
 » buildings
                
                | Altar of Kings | 1 |  | 
| Farm | 6 |  | 
| Barracks | 2 |  | 
| Scout Tower | 4 |  | 
| Lumber Mill | 1 |  | 
| Blacksmith | 1 |  | 
| Arcane Tower | 1 |  | 
| Arcane Vault | 1 |  | 
| Keep | 1 |  | 
| Arcane Sanctum | 2 |  | 
| Town Hall | 2 |  | 
| Ancient of Lore | 3 |  | 
| Moon Well | 7 |  | 
| Tree of Eternity | 1 |  | 
| Guard Tower | 2 |  | 
| Workshop | 2 |  | 
                37 total
 » build order
                00:05 Altar of Kings
00:24 Farm
00:40 Barracks
01:05 Farm
01:53 Scout Tower
02:10 Lumber Mill
02:19 Blacksmith
02:22 Arcane Tower
02:49 Farm
03:12 Arcane Vault
03:39 Keep
04:37 Farm
05:31 Farm
06:41 Scout Tower
07:33 Arcane Sanctum
08:25 Scout Tower
08:55 Scout Tower
09:49 Farm
11:06 Town Hall
11:40 Ancient of Lore
11:42 Ancient of Lore
11:48 Moon Well
11:50 Moon Well
13:54 Moon Well
15:17 Moon Well
16:07 Town Hall
16:46 Ancient of Lore
16:48 Tree of Eternity
19:47 Arcane Sanctum
19:58 Moon Well
20:00 Moon Well
20:01 Moon Well
23:10 Guard Tower
23:12 Guard Tower
24:39 Workshop
24:41 Workshop
24:48 Barracks
» items
                
                | Scroll of Regeneration | 2 |  | 
| Lesser Clarity Potion | 1 |  | 
| Potion of Healing | 2 |  | 
| Potion of Mana | 1 |  | 
| Ivory Tower | 3 |  | 
                9 total
  
                Chat log
          (00:49 / Allies) thelaghotel: units?
(01:03 / Allies) dk_yo: archers to dryads
(01:31 / Allies) dk_yo: potm
(02:06 / Allies) dk_yo: nvm ill go hunts
(07:43 / All) Spartanium: gg
(07:48 / All) dk_yo: gg
(22:58 / All) Spartanium: I can't believe it.
(23:07 / All) Spartanium: idk how you micro so well
(23:26 / All) Spartanium: How long have you been playing?
(23:32 / All) thelaghotel: many moons
(23:32 / All) thelaghotel: lol
(23:40 / All) Spartanium: Heh.
(23:41 / All) thelaghotel: 3-4 years
(23:45 / All) Spartanium: Wow.
(23:49 / All) thelaghotel: i love this melee
(23:49 / All) Spartanium: That's crazy. Gj
(23:50 / All) thelaghotel: its fun
(24:02 / All) Spartanium: Yeah it is, I just started again like two days ago.
(24:55 / All) Spartanium: I wish we had just finished off green but you were putting up so much of a fight. lol
(25:05 / All) thelaghotel: yea
(25:06 / All) thelaghotel: he helps
(25:09 / All) thelaghotel: lol when he left
(25:12 / All) thelaghotel: i started winning ha
(25:16 / All) Spartanium: lol i so wish he didn't x_x
(25:22 / All) Spartanium: oh well gg. and gj.